 Dungeon Crawl Stone Soup version 0.16-a0-3265-g401194c (webtiles) character file.

78 Minkie the Skirmisher (level 4, 0/45 HPs)
             Began as an Ogre Arcane Marksman on Dec 23, 2014.
             Was an Initiate of the Shining One.
             Slain by a gnoll
             ... wielding a +0 flail
              (7 damage)
             ... on level 2 of the Dungeon.
             The game lasted 00:09:37 (2572 turns).

Minkie the Skirmisher (Ogre Arcane Marksman)        Turns: 2572, Time: 00:09:37

Health: 0/45       AC:  3    Str: 16    XL:     4   Next: 36%
Magic:  5/6        EV: 10    Int: 13    God:    the Shining One [......]
Gold:   186        SH:  0    Dex:  9    Spells: 1 memorised, 4 levels left

rFire  x . .     SeeInvis .     z - +0 mace
rCold  + + .     Clarity  .     a - +0 robe
rNeg   . . .     SustAb   .     (shield restricted)
rPois  .         Gourm    .     (helmet restricted)
rElec  .         Spirit   .     (no cloak)
rCorr  .         Warding  .     (gloves unavailable)
rMut   .         Stasis   .     (boots unavailable)
MR     .....                    (no amulet)
Stlth  +.........               o - ring of ice
                                h - ring of protection from cold

@: not resistant to hostile enchantments, very unstealthy
A: unfitting armour, tough skin 1
a: Renounce Religion


You were on level 2 of the Dungeon.
You worshipped the Shining One.
The Shining One was noncommittal.
You were not hungry.

You visited 1 branch of the dungeon, and saw 4 of its levels.

You collected 186 gold pieces.

Inventory:

Hand weapons
 e - a +0 dagger of flaming
 z - a +0 mace (weapon)
Missiles
 b - 4 large rocks (quivered)
 c - 2 throwing nets
Armour
 a - a +0 robe (worn)
Jewellery
 h - a ring of protection from cold (left hand)
 o - a ring of ice (right hand)
Scrolls
 g - 3 scrolls of fear {unknown}
 i - 4 scrolls of identify {unknown}
 j - a scroll of enchant armour {unknown}
 k - a scroll of random uselessness {unknown}
 l - 2 scrolls of remove curse {unknown}
 m - a scroll of blinking {unknown}
 n - a scroll of amnesia {unknown}
 r - 2 scrolls of noise {unknown}
 y - a scroll of recharging {unknown}
 B - a scroll of teleportation {unknown}
Potions
 p - a potion of resistance {unknown}
 q - 3 potions of heal wounds {unknown}
 t - 2 potions of lignification {unknown}
 v - a potion of curing {unknown}
 w - a potion of magic {unknown}
 x - a potion of flight {unknown}
Books
 d - a book of Debilitation

   Spells                             Type                      Level
   a - Corona                         Hexes                        1
   b - Slow                           Hexes                        2
   c - Inner Flame                    Hexes/Fire                   3
   d - Enslavement                    Hexes                        4
   e - Cause Fear                     Hexes                        4
   f - Leda's Liquefaction            Hexes/Earth                  4
Comestibles
 f - 2 meat rations
 s - a bread ration
 u - a beef jerky
 A - 10 fruits


   Skills:
 + Level 3.0 Fighting
 + Level 2.9 Maces & Flails
 - Level 2.1 Throwing
 + Level 2.8 Dodging
 - Level 1.2 Spellcasting
 - Level 2.1 Hexes


You had 4 spell levels left.
You knew the following spells:

 Your Spells              Type           Power        Failure   Level  Hunger
a - Corona                Hex            #......      14%         1    ##.....


Dungeon Overview and Level Annotations

Branches:
Dungeon (4/15)
 Temple: D:4-7

Altars:
Ashenzari
Fedhas
Okawaru
Qazlal
Sif Muna
Trog
The Shining One


Innate Abilities, Weirdness & Mutations

You are too large for most types of armour.
You have tough skin (AC +1).


Message History

The gnoll hits you from afar with a spear!
The gnoll closely misses you.
The gnoll hits you from afar with a spear.
There is a stone staircase leading up, spattered with blood here.
The gnoll hits you with a flail!
The gnoll hits you from afar with a spear!
You climb upwards.
There is a stone staircase leading down here.
Casting: Corona
Confirm with . or Enter, or press ? or * to list all spells.
Aiming: Corona
Press: ? - help, Shift-Dir - straight line, f - gnoll
Aim: a gnoll, wielding a flail (chance 50%)
The gnoll is outlined in light.
The gnoll barely misses you.
You hit the gnoll but do no damage. The gnoll hits you with a flail!
* * * LOW HITPOINT WARNING * * *
You hit the gnoll.
The gnoll is moderately wounded.
The gnoll hits you with a flail!
You die...

###.#...#.#.##.....#......#.#...#
#........)......................
##..#.........(..................
.......).....#................#.#
..........#...........###+###....
##....................# #.# #..##
##.....#..............###.###.###
.............(..g.....'.._..'....
###....#..##.#.รท@####.#######.###
..........##.#........# ### #.#
###.#........#...####.#######.# #
#...........................###
###.#..#.###.#...................
.......#.# #..#.#.####.....##.###
###.#.)#.# #..#.#.# #..........# #
#.#..#.# #..#.#.# #.#......#.# #
#.#..#.###..###.# #.#...##.#.#


You could see a gnoll.

Vanquished Creatures
  2 gnolls (D:2)
  An adder (D:2)
  A giant mite (D:2)
  A worm (D:2)
  An ooze (D:3)
  An orc (D:3)
  A ball python (D:2)
  4 hobgoblins
  3 jackals (D:2)
  3 kobolds
  3 bats
  2 giant geckos
  A giant newt (D:3)
  7 goblins
  6 rats
37 creatures vanquished.

Notes
Turn   | Place    | Note
--------------------------------------------------------------
     0 | D:1      | Minkie, the Ogre Arcane Marksman, began the quest for the Orb.
     0 | D:1      | Reached XP level 1. HP: 19/19 MP: 2/2
   541 | D:1      | Reached XP level 2. HP: 26/28 MP: 3/3
   918 | D:2      | Reached skill level 1 in Maces & Flails
  1011 | D:2      | Found a deep blue altar of Sif Muna.
  1089 | D:2      | Reached XP level 3. HP: 23/36 MP: 2/4
  1348 | D:2      | Found a shattered altar of Ashenzari.
  1351 | D:2      | Found a bloodstained altar of Trog.
  1352 | D:2      | Found a blossoming altar of Fedhas.
  1353 | D:2      | Found an iron altar of Okawaru.
  1360 | D:2      | Found a stormy altar of Qazlal.
  1392 | D:2      | Found a glowing golden altar of the Shining One.
  1445 | D:2      | Became a worshipper of the Shining One
  1747 | D:2      | Reached XP level 4. HP: 39/44 MP: 6/6
  2191 | D:3      | Reached skill level 3 in Fighting
  2572 | D:2      | Slain by a gnoll

Action                   |  1- 3 |  4- 6 || total
-------------------------+-------+-------++-------
Melee: Dagger            |   115 |     9 ||   124
       Mace              |       |    34 ||    34
 Cast: Corona            |     9 |     8 ||    17
  Eat: Chunk             |     3 |     3 ||     6
